[Event "FISU WUMSCC Men 2024"]
[Site "Entebbe"]
[Date "2024.06.29"]
[Round "8.2"]
[White "Thilakarathne, G M H"]
[Black "Gatineau, Yovann"]
[Result "1/2-1/2"]
[ECO "C11"]
[WhiteElo "2356"]
[BlackElo "2414"]
[Annotator "RC"]
[PlyCount "98"]
[EventDate "2024.06.24"]
[EventType "swiss"]
[EventCountry "UGA"]
[SourceTitle "playchess.com"]
[Source "ChessBase"]
[SourceQuality "1"]
[TimeControl "5400+30"]

1. e4 e6 2. d4 d5 3. Nc3 Nf6 4. e5 Nfd7 5. Nce2 c5 6. c3 Nc6 7. Nf3 a5 8. g3 a4 9. Bg2 a3 10. b3 cxd4 11. cxd4 f6 12. Nf4 Ndxe5 13. dxe5 fxe5 14. Ne2 Bc5 15. Be3 Qa5+ 16. Bd2 Qb6 17. O-O e4 18. Ng5 O-O 19. Nf4 Ne7 20. Bc3 h6 21. Nxe4 dxe4 22. Bxe4 e5 23. Bxe5 Bf5 24. Bg2 Ng6 25. Nd5 Qd8 26. Bc7 Qd7 27. Rc1 Ba7 28. Nb6 Qxd1 29. Rfxd1 Rae8 30. Re1 Kh7 31. Nc4 b5 32. Ne3 Be4 33. Bd6 Rf6 34. Bxa3 Bxg2 35. Kxg2 Bxe3 36. Rxe3 Rxe3 37. fxe3 Ra6 38. Bb2 Rxa2 39. Rc2 Ne5 40. Rd2 g5 41. h3 Kg6 42. g4 h5 43. gxh5+ Kxh5 44. Kg3 Nd3 45. Rxd3 Rxb2 46. e4 Re2 47. Kf3 Rh2 48. Kg3 Re2 49. Kf3 Rh2 1/2-1/2

[Event "FISU WUMSCC Men 2024"]
[Site "Entebbe"]
[Date "2024.06.29"]
[Round "8.3"]
[White "Szustakowski, Antoni"]
[Black "Turcan, Richard"]
[Result "1/2-1/2"]
[ECO "A61"]
[WhiteElo "2362"]
[BlackElo "2374"]
[Annotator "RC"]
[PlyCount "110"]
[EventDate "2024.06.24"]
[EventType "swiss"]
[EventCountry "UGA"]
[SourceTitle "playchess.com"]
[Source "ChessBase"]
[SourceQuality "1"]
[TimeControl "5400+30"]

1. d4 Nf6 2. c4 c5 3. d5 e6 4. Nc3 exd5 5. cxd5 d6 6. Nf3 g6 7. h3 Bg7 8. Bf4 O-O 9. e3 a6 10. a4 Re8 11. Nd2 Nfd7 12. Be2 Ne5 13. O-O Nbd7 14. Bh2 f5 15. Re1 b6 16. e4 Nf6 17. exf5 Bxf5 18. Bf1 Nd3 19. Bxd3 Bxd3 20. Qf3 c4 21. Qf4 b5 22. Qxd6 Qxd6 23. Bxd6 Rad8 24. Rxe8+ Nxe8 25. Bb4 Bxc3 26. Bxc3 Nc7 27. axb5 axb5 28. Ra5 Rxd5 29. Ra7 Ne6 30. Nf3 Be4 31. Re7 Bxf3 32. Rxe6 Rg5 33. g4 h5 34. Bf6 Rd5 35. gxh5 Rxh5 36. h4 Kf7 37. Rb6 Rd5 38. Bc3 Be4 39. f3 Bf5 40. Kf2 Ke7 41. Kg3 Kd7 42. Kf4 Kc7 43. Rf6 Bc2 44. Be5+ Kb7 45. Rd6 Rxd6 46. Bxd6 Kc6 47. Ke5 Kd7 48. Bb4 Bd3 49. Kd5 Bf1 50. f4 Bd3 51. Kc5 Ke6 52. Bc3 Kf5 53. Kxb5 Kxf4 54. Kb4 Kg4 55. Bf6 Kh5 1/2-1/2

[Event "FISU WUMSCC Men 2024"]
[Site "Entebbe"]
[Date "2024.06.29"]
[Round "8.4"]
[White "Horak, Martin"]
[Black "Walter, Szymon"]
[Result "1-0"]
[ECO "B82"]
[WhiteElo "2333"]
[BlackElo "2313"]
[Annotator "RC"]
[PlyCount "55"]
[EventDate "2024.06.24"]
[EventType "swiss"]
[EventCountry "UGA"]
[SourceTitle "playchess.com"]
[Source "ChessBase"]
[SourceQuality "1"]
[TimeControl "5400+30"]

1. e4 c5 2. Nf3 e6 3. d4 cxd4 4. Nxd4 Nc6 5. Nc3 a6 6. a3 Qc7 7. Be3 Nf6 8. f4 d6 9. Qf3 Be7 10. O-O-O O-O 11. Nxc6 Qxc6 12. g4 b5 13. g5 Nd7 14. f5 Ne5 15. Qg3 Bd8 16. f6 Rb8 17. fxg7 Re8 18. Bf4 Bc7 19. h4 a5 20. h5 b4 21. Nb1 b3 22. Nc3 Ba6 23. Bxa6 bxc2 24. Rd2 Qxa6 25. g6 fxg6 26. Bxe5 dxe5 27. hxg6 h5 28. Qf3 1-0

[Event "FISU WUMSCC Men 2024"]
[Site "Entebbe"]
[Date "2024.06.29"]
[Round "8.5"]
[White "Wagner, Gerald"]
[Black "Mladek, Richard"]
[Result "0-1"]
[ECO "B90"]
[WhiteElo "1832"]
[BlackElo "2385"]
[Annotator "RC"]
[PlyCount "120"]
[EventDate "2024.06.24"]
[EventType "swiss"]
[EventCountry "UGA"]
[SourceTitle "playchess.com"]
[Source "ChessBase"]
[SourceQuality "1"]
[TimeControl "5400+30"]

1. e4 c5 2. Nf3 d6 3. d4 cxd4 4. Nxd4 Nf6 5. Nc3 a6 6. a4 e5 7. Nde2 Be6 8. g3 Be7 9. Bg2 O-O 10. h3 Nc6 11. O-O Nb4 12. f4 Qb6+ 13. Kh2 Rfd8 14. f5 Bc4 15. b3 Bxe2 16. Qxe2 Rac8 17. Bb2 Rc5 18. Rac1 Rdc8 19. Qe3 Qc7 20. Rf3 h5 21. Kh1 Nh7 22. Qe2 Bg5 23. Rd1 Nf6 24. Ba1 Qb6 25. Qf2 Qc6 26. Qe2 Qd7 27. Kh2 Na2 28. Qe1 Nb4 29. Qe2 R8c7 30. Bb2 Kh7 31. Ba3 a5 32. Bxb4 axb4 33. Nb5 Rxc2 34. Qe1 R7c6 35. Qxb4 d5 36. exd5 Nxd5 37. Qe1 e4 38. Qxe4 Rxg2+ 39. Kxg2 Ne3+ 40. Rxe3 Qxd1 41. Re1 Qd2+ 42. Kf1 h4 43. Qe2 hxg3 44. Qxd2 Bxd2 45. Re7 Bf4 46. Re2 Kh6 47. Kg2 Kg5 48. Kf3 Rc1 49. h4+ Kxh4 50. Nd4 Bd6 51. Kg2 Kg5 52. Nb5 Bf4 53. Nd4 Rd1 54. Re4 Rd2+ 55. Ne2 Bd6 56. Kf3 Kxf5 57. Nd4+ Kg5 58. Rg4+ Kf6 59. Re4 g2 60. Rg4 Rxd4 0-1

[Event "FISU WUMSCC Men 2024"]
[Site "Entebbe"]
[Date "2024.06.29"]
[Round "8.6"]
[White "Janik, Igor"]
[Black "Alharthi, Ahmed Mohammed A"]
[Result "1-0"]
[ECO "E62"]
[WhiteElo "2511"]
[BlackElo "1951"]
[Annotator "TA"]
[PlyCount "69"]
[EventDate "2024.06.24"]
[EventType "swiss"]
[EventCountry "UGA"]
[SourceTitle "playchess.com"]
[Source "ChessBase"]
[SourceQuality "1"]
[TimeControl "5400+30"]

1. Nf3 Nf6 2. g3 g6 3. Bg2 Bg7 4. O-O O-O 5. d4 d6 6. c4 Nc6 7. Nc3 Bg4 8. Ne1 Qd7 9. f3 Bh3 10. Bxh3 Qxh3 {[%emt 0:00:11] White has an edge.} 11. Nd3 e5 (11... Nxd4 12. Nf2 Nxf3+ 13. exf3 $14) (11... Qd7 $11) 12. d5 $14 Ne7 13. e4 $36 {[%emt 0:00:06][%mdl 2048] White fights for an advantage.} Nh5 14. g4 (14. Qe1 {simplifies} Nf6 15. Bg5 Qd7 16. Rd1) 14... Nf4 15. Bxf4 exf4 16. Nxf4 Qh6 17. Ng2 f5 18. Qc1 (18. f4 $16) 18... f4 (18... Qxc1 $11 19. Raxc1 fxg4) 19. Qd2 {[%emt 0:02:03] Black is now going downhill.} g5 20. Nb5 c5 21. Nc7 (21. dxc6 bxc6 22. Nc3 (22. Nxd6 c5 $14) (22. Qxd6 cxb5 23. Qxe7 bxc4 $11) 22... Ng6 $15) 21... Rab8 ({Not} 21... Bd4+ 22. Kh1 $11) 22. Ne6 Rf7 (22... Rf6 $16 {is a better defense.}) 23. h4 $1 $18 Bf6 (23... Ng6 {was necessary.} 24. Nxg5 (24. hxg5 Qh3 $14) 24... Bd4+ 25. Kh1 Rf6) 24. hxg5 Bxg5 25. Kf2 b5 26. Rh1 Qf6 27. Nxg5 Qxg5 28. Rac1 ({Don't do} 28. Rh5 Qg7 $16) 28... Qf6 29. cxb5 Rxb5 30. b3 Ng6 31. Rh5 Qg7 32. Nh4 Rfb7 $2 {[%emt 0:00:49] [#]} (32... Nxh4 {is a better chance.} 33. Rxh4 a5) 33. Nf5 Qf6 34. Qc3 (34. g5 $142 Qe5 35. Nh6+ Kf8 36. Ng4) 34... Ne5 $2 (34... Qxc3 35. Rxc3 R7b6) 35. Rh6 {[%emt 0:00:52] Weighted Error Value: White=0.26 (precise) /Black=0.38.  Mistake:       	White=2     	Black=6      Inaccurate:     	---       	Black=1      OK:         	White=12    	Black=8      Best:        	White=2     	Black=1      Strong:       	White=1     	---} 1-0

[Event "FISU WUMSCC Men 2024"]
[Site "Entebbe"]
[Date "2024.06.29"]
[Round "8.7"]
[White "Nyola Wasswa Mark"]
[Black "Alrehaili, Ahmed Abdullah S"]
[Result "1/2-1/2"]
[ECO "E60"]
[WhiteElo "2067"]
[BlackElo "2134"]
[Annotator "RC"]
[PlyCount "154"]
[EventDate "2024.06.24"]
[EventType "swiss"]
[EventCountry "UGA"]
[SourceTitle "playchess.com"]
[Source "ChessBase"]
[SourceQuality "1"]
[TimeControl "5400+30"]

1. d4 Nf6 2. c4 g6 3. g3 Bg7 4. Bg2 d6 5. e4 O-O 6. Ne2 c5 7. O-O Nc6 8. d5 Na5 9. Qc2 e6 10. Na3 exd5 11. cxd5 Rb8 12. Nb5 Ne8 13. Nxa7 Bd7 14. a4 Ra8 15. Nb5 Bxb5 16. axb5 Nc7 17. Nc3 Qd7 18. Bf4 Rfd8 19. Rfe1 Nxb5 20. e5 Nd4 21. Qd3 dxe5 22. Bxe5 Bxe5 23. Rxe5 c4 24. Qe4 Nab3 25. Re1 b5 26. Qf4 Kg7 27. Ne4 Ra6 28. d6 Rxd6 29. Nxd6 Qxd6 30. Bd5 Rd7 31. Bg2 b4 32. h4 h5 33. g4 Re7 34. gxh5 Rxe5 35. h6+ Kh7 36. Qf5 f6 37. Qxf6 Kxh6 38. Qf4+ Kg7 39. Qxe5+ Qxe5 40. Rxe5 c3 41. bxc3 bxc3 42. Be4 Nd2 43. Kg2 Kf6 44. Rd5 Ne2 45. Rd6+ Ke5 46. Rxg6 Nf4+ 47. Kh2 Nxg6 48. Bc2 Nxh4 49. Kg3 Nf5+ 50. Kg4 Nd4 51. f4+ Kf6 52. Bd3 Nf1 53. Be4 Nd2 54. Bd3 Nc4 55. Be4 Nb2 56. Kg3 Nd1 57. Bd3 Ke6 58. Be4 Kd6 59. Kg2 Kc5 60. Kg3 Kc4 61. f5 Nb2 62. Kf2 Nd3+ 63. Ke3 Ne5 64. Bb1 Ng4+ 65. Kf4 Nf6 66. Ke3 Nd5+ 67. Ke4 Nb3 68. Bd3+ Kc5 69. Bc2 Nd4 70. Bb1 Nb5 71. Kd3 Na3 72. Ba2 c2 73. Kd2 Nb4 74. Bb3 Nc4+ 75. Kc1 Nd3+ 76. Kxc2 Ne3+ 77. Kxd3 Nxf5 1/2-1/2

[Event "FISU WUMSCC Men 2024"]
[Site "Entebbe"]
[Date "2024.06.29"]
[Round "8.9"]
[White "Kato, Richard"]
[Black "Mthembu, Lovers"]
[Result "1-0"]
[ECO "C65"]
[WhiteElo "1908"]
[BlackElo "1876"]
[Annotator "NA RC"]
[PlyCount "159"]
[EventDate "2024.06.24"]
[EventType "swiss"]
[EventCountry "UGA"]
[SourceTitle "playchess.com"]
[Source "ChessBase"]
[SourceQuality "1"]
[TimeControl "5400+30"]

1. e4 e5 2. Nf3 Nc6 3. Bb5 Nf6 4. d3 d6 5. c3 Be7 6. Nbd2 O-O 7. h3 {[%emt 0:00:20] C65: Ruy Lopez: Berlin Defence (3...Nf6), unusual lines and 4 0-0 Bc5.} a6 8. Ba4 b5 9. Bc2 d5 10. O-O dxe4 11. dxe4 Bb7 12. Qe2 Qd7 13. Rd1 Rad8 14. Nf1 Qc8 15. Bg5 Rxd1 16. Rxd1 Rd8 17. Ne3 Rxd1+ 18. Qxd1 Qd8 19. Qe2 h6 20. Bh4 g6 21. Bg3 Bd6 22. Bh4 Be7 23. Bg3 Bd6 24. Qd2 $14 Qf8 25. Bh4 Nh5 26. Ng4 Kh7 27. Nf6+ Nxf6 28. Bxf6 Qe8 29. Kh2 Be7 30. Bxe7 Qxe7 31. Qd5 Kg7 32. Bb3 Na5 33. Qxe5+ Qxe5+ 34. Nxe5 Nxb3 35. axb3 Bxe4 36. b4 Kf6 37. Nd7+ Ke6 38. Nc5+ Kd5 39. Nxa6 Kc4 40. Nc5 Bc6 41. Kg3 g5 42. f3 f5 43. h4 Bd5 44. hxg5 hxg5 45. Kf2 g4 46. fxg4 fxg4 47. g3 Bh1 48. Ke3 Bf3 49. Kf4 Kd5 50. Nb3 Bd1 51. Nd4 Kc4 52. Ke3 Ba4 53. Kd2 Bb3 54. Nxb3 Kxb3 55. Kc1 Ka2 56. Kc2 c6 57. c4 Ka1 58. c5 Ka2 59. Kc3 Ka1 60. Kd4 Kxb2 61. Ke5 Ka3 62. Kd6 Kxb4 63. Kxc6 Ka4 64. Kd5 b4 65. c6 b3 66. c7 b2 67. c8=Q b1=Q 68. Qa8+ Kb3 69. Qb7+ Kc2 70. Qxb1+ Kxb1 71. Ke4 Kc2 72. Kf4 Kd3 73. Kxg4 Ke4 74. Kg5 Ke5 75. g4 Ke6 76. Kg6 Ke7 77. Kg7 Ke6 78. g5 Ke7 79. g6 Ke8 80. Kh7 1-0

[Event "FISU WUMSCC Men 2024"]
[Site "Entebbe"]
[Date "2024.06.29"]
[Round "8.10"]
[White "Musasizi, Emmanuel"]
[Black "Jakab, Bela"]
[Result "1/2-1/2"]
[ECO "C01"]
[WhiteElo "1966"]
[BlackElo "2390"]
[Annotator "RC"]
[PlyCount "84"]
[EventDate "2024.06.24"]
[EventType "swiss"]
[EventCountry "UGA"]
[SourceTitle "playchess.com"]
[Source "ChessBase"]
[SourceQuality "1"]
[TimeControl "5400+30"]

1. e4 e6 2. d4 d5 3. exd5 exd5 4. Bd3 Bd6 5. Nc3 Ne7 6. Nb5 Nbc6 7. c3 Bf5 8. Ne2 a6 9. Nxd6+ Qxd6 10. O-O O-O 11. Bf4 Qd7 12. Qc2 Bxd3 13. Qxd3 Nd8 14. b3 Ne6 15. Bd2 b6 16. Nf4 Nxf4 17. Bxf4 c5 18. dxc5 bxc5 19. Rad1 Rfd8 20. b4 Ng6 21. Bg3 c4 22. Qd4 Nf8 23. Bh4 f6 24. Rfe1 Re8 25. f3 Rxe1+ 26. Bxe1 Rd8 27. Qb6 Qd6 28. Bf2 Kf7 29. a4 Qxb6 30. Bxb6 Rd6 31. Bc5 Rd8 32. Bxf8 Kxf8 33. Kf2 Ke7 34. a5 Kd6 35. Re1 Kc6 36. Re6+ Kb5 37. Rb6+ Ka4 38. Ke3 d4+ 39. cxd4 Kb3 40. b5 axb5 41. Rxb5+ Kc3 42. d5 Re8+ 1/2-1/2

[Event "FISU WUMSCC Men 2024"]
[Site "Entebbe"]
[Date "2024.06.29"]
[Round "8.11"]
[White "Hemeni, Simamnkele"]
[Black "Alshnaiber, Yazeed"]
[Result "1/2-1/2"]
[ECO "E11"]
[WhiteElo "1866"]
[BlackElo "1831"]
[Annotator "NA RC"]
[PlyCount "160"]
[EventDate "2024.06.24"]
[EventType "swiss"]
[EventCountry "UGA"]
[SourceTitle "playchess.com"]
[Source "ChessBase"]
[SourceQuality "1"]
[TimeControl "5400+30"]

1. d4 d5 2. c4 e6 3. g3 Nf6 4. Bg2 Bb4+ 5. Bd2 a5 6. Nf3 O-O 7. O-O dxc4 {[%emt 0:00:03] E11: Bogo-Indian.} 8. Qc2 Bxd2 9. Nbxd2 b5 10. a4 c6 11. b3 cxb3 12. Nxb3 Nd5 13. e4 Nb6 14. Nc5 N8d7 15. Rfb1 Nxc5 16. dxc5 Nxa4 17. e5 Qe7 18. Nd4 Bd7 $11 (18... Nxc5 $2 {perishes.} 19. Nxc6 (19. Bxc6 Rb8 $11) 19... Qe8 20. Qxc5 $18) 19. Nxc6 Bxc6 20. Bxc6 Rac8 21. Rxb5 Rxc6 22. Rxa4 Rfc8 23. Raxa5 g6 24. f4 g5 25. Qc3 Kh8 26. fxg5 Qxg5 27. Rb7 Kg8 28. Rd7 Qf5 29. Qe3 Qb1+ 30. Kg2 Qf5 31. Rd2 R6c7 32. Rf2 Qg6 33. Rf6 Qc2+ 34. Kh3 Rxc5 35. Qg5+ Kf8 36. Qh6+ Kg8 37. Rxc5 Qxc5 38. Qg5+ Kf8 39. Rf4 Qc2 40. Rg4 Qg6 41. Qf4 Qh5+ 42. Rh4 Qg6 43. Rh6 Qd3 44. Rxe6 Qd7 45. Qb4+ Kg8 46. Qg4+ Kf8 47. Rf6 Qxg4+ 48. Kxg4 Kg7 49. Rf4 Rc2 50. h3 Rc3 51. Re4 Kg6 52. Kf4 Rc1 53. Rb4 Rf1+ 54. Ke4 Re1+ 55. Kf4 Rf1+ 56. Ke4 Re1+ 57. Kd5 Rd1+ 58. Rd4 Re1 59. Kd6 h5 60. Rd3 Re2 61. Rf3 Re1 62. Rf6+ Kg7 63. Rf3 Kg6 64. h4 Ra1 65. Rf6+ Kg7 66. Rf5 Ra6+ 67. Kd5 Ra5+ 68. Ke4 Ra4+ 69. Kf3 Ra3+ 70. Kg2 Kg6 71. Rg5+ Kh6 72. Kf2 Rb3 73. Rf5 Kg6 74. Rf6+ Kg7 75. Rf3 Rb5 76. Re3 Kg6 77. Kf3 Kf5 78. Ra3 Rxe5 79. Ra4 Rb5 80. Rf4+ Kg6 1/2-1/2

[Event "FISU WUMSCC Men 2024"]
[Site "Entebbe"]
[Date "2024.06.29"]
[Round "8.12"]
[White "Kabuye Charity Raphael"]
[Black "Selepe, Lwazi"]
[Result "0-1"]
[ECO "A48"]
[WhiteElo "1761"]
[BlackElo "1913"]
[Annotator "NA RC"]
[PlyCount "80"]
[EventDate "2024.06.24"]
[EventType "swiss"]
[EventCountry "UGA"]
[SourceTitle "playchess.com"]
[Source "ChessBase"]
[SourceQuality "1"]
[TimeControl "5400+30"]

1. d4 Nf6 2. Nf3 g6 3. Bf4 d6 4. Nc3 c6 5. e4 Qa5 6. Qd2 Bg4 7. Be2 Bxf3 8. Bxf3 Nbd7 9. O-O Bg7 10. Bh6 O-O 11. Bxg7 Kxg7 12. a4 e5 13. d5 cxd5 14. exd5 Rac8 15. Rfd1 a6 16. g3 Nb6 17. Be2 $17 Rc5 18. Rab1 Qb4 19. h4 Ne4 20. Nxe4 Qxe4 21. b4 Rxc2 22. Bd3 Rxd2 23. Bxe4 Rxd1+ 24. Rxd1 f5 25. a5 fxe4 26. axb6 Rc8 27. Rb1 Rc4 28. Kf1 Kf6 29. Ke2 Rd4 30. b5 a5 31. Rc1 Rxd5 32. Rc7 Rxb5 33. Rxb7 h5 34. Rb8 Ke6 35. b7 Kd7 36. Rg8 Rxb7 37. Rxg6 a4 38. Rg7+ Kc6 39. Rxb7 Kxb7 40. g4 a3 0-1